Map: World of Sleepers LE

Players

MaSa - Winner!

  • Race: Terran Terran
  • Spawn Location: 7:00

SortOf

  • Race: Zerg Zerg
  • Spawn Location: 1:00

VOD

Have the link to the VOD?

Description

Time

  • Played on: Sept. 6, 2019, 8:42 p.m.
  • Length: 10:44
Show
View Real Time Build Order
Export as new Build Order

MaSa Terran - Winner!

Build Orders: Reaper Expand, Hellion Banshee 

Get SALT Encoding   

  12  0:00  SCV  
  13  0:12  SCV  
  14  0:16  Supply Depot  
  14  0:24  SCV  
  15  0:38  SCV  
  15  0:40  Barracks  
  16  0:44  Refinery  
  16  0:50  SCV  
  17  1:02  SCV  
  18  1:14  SCV  
  19  1:26  Reaper  
  19  1:27  Orbital Command  
  20  1:43  Command Center  
  20  1:50  Supply Depot  
  20  1:53  SCV  
  21  1:58  Marine  
  22  2:04  Refinery  
  22  2:05  SCV  
  23  2:14  Factory  
  23  2:22  Barracks Reactor  
  23  2:23  SCV  
  24  2:35  SCV  
  25  2:47  SCV  
  26  2:55  Orbital Command  
  26  3:00  Starport  
  26  3:01  SCV  
  26  3:04  Hellion x2  
  31  3:06  Barracks Tech Lab  
  31  3:14  Orbital Command  
  31  3:15  SCV  
  32  3:26  Hellion x2  
  35  3:27  SCV  
  36  3:39  SCV  
  37  3:42  Supply Depot  
  37  3:43  SCV  
  37  3:44  Viking  
  37  3:47  Hellion x2  
  44  3:51  SCV  
  44  3:53  Marine  
  46  3:58  Cloaking Field  
  46  4:01  Supply Depot  
  46  4:04  SCV  
  46  4:09  SCV  
  48  4:10  Supply Depot  
  48  4:12  Marine  
  48  4:14  Banshee  
  48  4:16  SCV  
  53  4:21  SCV  
  53  4:23  Hellion x2  
  58  4:28  SCV  
  59  4:33  SCV  
  60  4:40  SCV  
  57  4:45  SCV  
  57  4:46  Command Center  
  57  4:47  Hellion  
  57  4:48  Barracks Tech Lab  
  60  4:54  SCV  
  60  4:57  Banshee  
  64  5:00  Refinery  
  64  5:01  Refinery  
  64  5:06  Supply Depot  
  64  5:08  SCV x2  
  66  5:20  Factory  
  66  5:22  Hyperflight Rotors  
  66  5:23  Factory  
  66  5:26  Hellion  
  66  5:28  SCV  
  69  5:29  SCV  
  70  5:40  SCV  
  70  5:41  Hellion  
  70  5:42  SCV  
  74  5:48  Hellion  
  76  5:53  SCV  
  76  5:55  SCV  
  76  6:00  Supply Depot  
  76  6:01  SCV  
  73  6:05  SCV  
  73  6:07  SCV  
  73  6:08  Banshee  
  70  6:17  Cyclone, Hellion x2  
  70  6:18  Mag-Field Accelerator, Factory Tech Lab  
  77  6:29  SCV  
  77  6:30  SCV  
  79  6:35  Supply Depot  
  79  6:38  Hellion  
  79  6:39  Hellion  
  83  6:40  Orbital Command  
  83  6:45  Armory x2  
  83  6:46  Refinery  
  83  6:47  SCV  
  84  6:48  SCV  
  84  6:49  Cyclone  
  84  6:52  Cyclone  
  91  6:57  Banshee  
  91  6:59  SCV  
  95  7:02  Supply Depot  
  95  7:03  SCV  
  95  7:05  Hellion x2  
  95  7:06  SCV  
  101  7:13  Barracks Reactor  
  101  7:14  SCV, Factory  
  102  7:16  SCV  
  102  7:18  SCV  
  102  7:26  SCV  
  102  7:27  Cyclone  
  102  7:28  Hellion  
  108  7:31  Refinery  
  108  7:34  SCV  
  108  7:36  Terran Vehicle And Ship Armor Level 1  
  109  7:38  Supply Depot x2  
  109  7:40  Banshee  
  109  7:44  Terran Vehicle Weapons Level 1  
  112  7:46  SCV x3  
  112  7:49  Hellion  
  117  7:56  Factory  
  117  7:59  Cyclone  
  117  8:00  Infernal Pre-Igniter, Hellion  
  117  8:04  SCV x2  
  126  8:08  Supply Depot  
  126  8:10  Supply Depot  
  126  8:11  Hellion  
  126  8:13  Cyclone  
  126  8:15  SCV  
  130  8:24  Command Center  
  130  8:28  Hellion  
  130  8:30  Banshee  
  130  8:31  Cyclone  
  136  8:42  SCV  
  136  8:43  SCV  
  136  8:44  Supply Depot  
  136  8:45  Cyclone  
  136  8:46  Supply Depot  
  136  8:47  Factory Tech Lab  
  136  8:48  Hellion x3  
  147  8:52  SCV  
  148  9:06  Cyclone, Hellion  
  152  9:12  Cyclone  
  152  9:13  Hellion  
  152  9:14  Banshee  
  158  9:17  Cyclone  
  158  9:19  Factory x2  
  161  9:26  Hellion x2  
  165  9:38  Cyclone  
  168  9:44  Cyclone  
  171  9:48  Hellion  
  171  9:50  Command Center  
  173  9:56  Banshee  
  176  10:02  Hellion x2  
  176  10:03  Cyclone  
  174  10:07  Factory Tech Lab  
  174  10:08  Factory Tech Lab  
  174  10:10  Cyclone  
  171  10:21  Hellion x2  
  130  10:39  Refinery  
  130  10:42  Refinery  
Show
View Real Time Build Order
Export as new Build Order

SortOf Zerg 

Build Orders: Pool First 

Get SALT Encoding   

  12  0:00  Drone  
  13  0:12  Overlord  
  13  0:17  Drone  
  14  0:30  Drone x2  
  16  0:41  Spawning Pool  
  15  0:45  Drone  
  15  0:48  Drone  
  17  0:55  Drone  
  18  1:13  Hatchery  
  17  1:18  Extractor  
  16  1:29  Zergling x6  
  20  1:33  Queen  
  22  1:43  Overlord  
  22  1:47  Spine Crawler  
  21  2:00  Extractor  
  21  2:08  Drone x2  
  21  2:10  Queen  
  24  2:15  Drone  
  24  2:25  Drone x2  
  25  2:38  Hatchery  
  25  2:41  Drone  
  24  2:45  Drone  
  24  2:48  Drone  
  24  2:51  Drone  
  27  2:56  Drone  
  27  2:58  Drone  
  29  3:00  Drone  
  30  3:07  Queen  
  32  3:13  Overlord  
  32  3:17  Drone  
  32  3:19  Drone  
  34  3:21  Drone  
  34  3:25  Overlord  
  35  3:29  Metabolic Boost  
  35  3:33  Drone  
  36  3:35  Drone  
  36  3:39  Drone x2  
  36  3:41  Drone  
  40  3:49  Queen  
  40  3:51  Drone x2  
  40  3:52  Drone  
  40  3:54  Drone  
  46  3:57  Overlord  
  46  4:00  Drone  
  47  4:03  Drone  
  47  4:07  Zergling x6  
  47  4:08  Zergling x2  
  52  4:16  Overlord  
  52  4:17  Drone x2  
  53  4:20  Overlord x2  
  53  4:23  Drone  
  55  4:30  Zergling x6  
  52  4:40  Drone x6  
  52  4:44  Drone x3  
  60  4:46  Lair  
  60  4:51  Queen  
  63  4:52  Drone  
  63  4:53  Drone x2  
  63  4:55  Drone x2  
  63  4:57  Drone  
  68  5:00  Queen  
  68  5:04  Overlord  
  68  5:06  Drone  
  71  5:10  Drone  
  71  5:12  Spore Crawler  
  71  5:16  Drone x4, Extractor  
  71  5:17  Roach Warren  
  73  5:27  Overlord  
  73  5:29  Spore Crawler  
  73  5:33  Spore Crawler  
  73  5:34  Drone x9  
  78  5:40  Drone x2  
  78  5:44  Overseer  
  78  5:47  Zergling x4  
  78  5:51  Zergling x2  
  78  5:53  Zergling x6  
  69  5:58  Drone x2  
  69  6:02  Drone x2  
  65  6:06  Drone x3  
  65  6:12  Drone x2  
  65  6:20  Drone, Evolution Chamber x2  
  65  6:21  Extractor  
  63  6:29  Drone x3  
  65  6:33  Extractor  
  65  6:35  Drone  
  65  6:36  Glial Reconstitution, Drone  
  65  6:40  Drone x4  
  65  6:43  Drone x5  
  65  6:44  Queen  
  76  6:50  Zerg Ground Armor Level 1  
  76  6:52  Drone  
  77  6:56  Drone  
  77  6:58  Drone  
  77  7:00  Extractor  
  78  7:04  Overlord  
  78  7:06  Roach x2  
  82  7:11  Roach x3  
  82  7:12  Roach  
  82  7:14  Overlord  
  90  7:17  Overlord  
  90  7:18  Overlord  
  89  7:27  Overlord, Drone  
  89  7:28  Overlord  
  89  7:33  Overlord  
  89  7:36  Zerg Missile Weapons Level 1  
  89  7:38  Roach x5  
  89  7:39  Ravager x3  
  102  7:46  Roach  
  102  7:47  Roach x3  
  102  7:48  Overlord  
  110  7:51  Extractor  
  110  7:52  Roach x2  
  110  7:56  Queen  
  115  8:02  Roach x3  
  115  8:05  Overlord  
  121  8:12  Roach x4  
  129  8:14  Overlord  
  129  8:16  Overlord  
  128  8:24  Zergling x12  
  133  8:30  Infestation Pit  
  133  8:32  Baneling Nest  
  131  8:36  Drone x4  
  131  8:39  Drone  
  136  8:55  Hatchery  
  135  8:59  Zergling x4  
  135  9:02  Queen  
  135  9:06  Queen  
  135  9:07  Hatchery  
  126  9:11  Queen  
  126  9:14  Pathogen Glands  
  126  9:19  Infestor x2  
  127  9:30  Zergling x10  
  130  9:37  Queen  
  132  9:41  Infestor x3  
  138  9:45  Drone x4  
  138  9:49  Baneling x5  
  143  9:52  Drone  
  143  9:53  Drone x2  
  143  9:55  Overlord  
  143  9:59  Zergling x8  
  153  10:00  Zergling x8  
  144  10:08  Zergling x6  
  136  10:14  Overseer  
  136  10:18  Roach x4  
Tags
 
Add a new tag
Caveats
  • Supply blocks, unpowered buildings, or Contaminate may cause inaccurate times.
  • Supply counts are checked every 10 seconds.